 Dungeon Crawl Stone Soup version 0.30.0-17-ge0270778cf (webtiles) character file.

Game seed: 10320791222331469651

12 gelatine the Magician (level 2, 0/19 HPs)
             Began as a Demonspawn Hedge Wizard on May 23, 2023.
             Was a Follower of Wu Jian.
             Constricted to death by a ball python (1 damage)
             ... on level 2 of the Dungeon.
             The game lasted 00:03:19 (1213 turns).

gelatine the Magician (Demonspawn Hedge Wizard)     Turns: 1213, Time: 00:03:21

Health: 0/19       AC:  2    Str: 10    XL:     2   Next: 20%
Magic:  5/6        EV:  9    Int: 15    God:    Wu Jian [*.....]
Gold:   85         SH:  0    Dex: 12    Spells: 6/7 levels left

rFire   . . .        a - +0 dagger
rCold   . . .        (no shield)
rNeg    + . .        b - +0 robe
rPois   .            c - +0 hat
rElec   .            (no cloak)
rCorr   .            (no gloves)
SInv    .            (no boots)
Will    .....        (no amulet)
Stlth   ++           m - ring of positive energy
HPRegen 0.23/turn    (no ring)
MPRegen 0.10/turn

%: no passive effects
@: constricted
A: ignite blood 1
a: Renounce Religion


You were on level 2 of the Dungeon.
You worshipped Wu Jian.
Wu Jian was aware of your devotion.
You visited 1 branch of the dungeon, and saw 2 of its levels.

You collected 85 gold pieces.

Inventory:

Hand Weapons
 a - a +0 dagger (weapon)
Armour
 b - a +0 robe (worn)
 c - a +0 hat (worn)
Jewellery
 m - a ring of positive energy (left hand)
Scrolls
 e - a scroll of fear {unknown}
 f - a scroll of poison {unknown}
 g - 2 scrolls of acquirement {unknown}
 h - a scroll of enchant weapon {unknown}
 i - 3 scrolls of identify {unknown}
 l - a scroll of enchant armour {unknown}
 p - a scroll of teleportation {unknown}
 s - a scroll of summoning {unknown}
Potions
 d - a potion of magic
 j - a potion of invisibility {unknown}
 k - a potion of flight {unknown}
 n - a potion of haste {unknown}
 o - 2 potions of mutation {unknown}
 q - a potion of lignification {unknown}
 r - a potion of curing {unknown}


   Skills:
 * Level 0.2 Fighting
 * Level 0.3 Short Blades
 * Level 1.9 Dodging
 * Level 2.1 Stealth
 + Level 3.1 Spellcasting
 + Level 1.0 Conjurations
 + Level 1.0 Summonings
 + Level 0.8 Translocations


You had 6 spell levels left.
You knew the following spells:

 Your Spells              Type           Power      Damage    Failure   Level
a - Magic Dart            Conj           20%        1d4       13%         1

Your spell library contained the following spells:

 Spells                   Type           Power      Damage    Failure   Level
 Slow                     Hex            8%         N/A       21%         1
 Call Imp                 Summ           10%        N/A       21%         2
 Blink                    Tloc           8%         N/A       22%         2
 Cigotuvi's Dreadful Rot  Necr/Pois/Air  4%         N/A       30%         2
 Mephitic Cloud           Conj/Pois/Air  3%         N/A       45%         3


Dungeon Overview and Level Annotations

Branches:
Dungeon (2/15)

Altars:
Wu Jian


Innate Abilities, Weirdness & Mutations

Your demonic aura sometimes causes spilled blood to erupt in flames.


Message History

The adder closely misses you. The quokka closely misses you.
The endoplasm barely misses you.
You spin and attack the adder.
You closely miss the adder.
The adder is heavily wounded.
You spin and attack the quokka.
You closely miss the quokka. The adder bites you but does no damage.
The goblin unwields a +0 sling.
The goblin wields a +0 dagger.
The goblin hits you but does no damage. The quokka bites you.
The adder bites you.
You spin and attack the adder.
You completely miss the adder.
The adder is heavily wounded.
You spin and attack the quokka.
You hit the quokka.
The quokka is moderately wounded.
The quokka bites you but does no damage.
The adder closely misses you. The quokka closely misses you.
You spin and attack the adder.
You hit the adder but do no damage.
The adder is heavily wounded.
You spin and attack the worm.
You hit the worm but do no damage. The adder misses you.
You spin and attack the worm.
You barely miss the worm. The worm bites you!
Ouch! That really hurt!
The adder closely misses you.
The endoplasm jiggles.
You spin and attack the worm.
You barely miss the worm.
You spin and attack the goblin.
You barely miss the goblin. The goblin hits you but does no damage.
You spin and attack the endoplasm.
You hit the endoplasm but do no damage.
You spin and attack the goblin.
You hit the goblin.
The goblin is moderately wounded.
The goblin hits you with a +0 dagger.
* * * LOW HITPOINT WARNING * * *
The endoplasm freezes you.
You are frozen.
* * * LOW HITPOINT WARNING * * *
You spin and attack the adder.
You hit the adder but do no damage.
The adder is moderately wounded.
The adder completely misses you. The adder bites you.
* * * LOW HITPOINT WARNING * * *
The ball python barely misses you. The ball python grabs you.
The ball python constricts you.
You die...

#..>........
#..........#
#........#
##.....:..##
#..........#
#..........#
#..r.......#.
#..w<.........
#.@Sg.........
##.S..........
##J.......#..
####.##.## .
#....# ##.###
.#


You could see a worm, an adder, an endoplasm, a quokka, a goblin and a ball
python.

Vanquished Creatures
  2 endoplasms (D:1)
  5 ball pythons (D:1)
  3 bats (D:1)
  2 kobolds (D:1)
  2 rats (D:1)
14 creatures vanquished.

Notes
Turn   | Place    | Note
-------+----------+-------------------------------------------
     0 | D:1      | gelatine the Demonspawn Hedge Wizard began the quest for
                  | the Orb.
     0 | D:1      | Reached XP level 1. HP: 13/13 MP: 4/4
   594 | D:1      | Gained mutation: Your demonic aura sometimes causes spilled
                  | blood to erupt in flames. [demonic ancestry]
   594 | D:1      | Reached XP level 2. HP: 19/19 MP: 3/6
   642 | D:1      | Found a faded altar of an unknown god.
   669 | D:1      | Prayed at the altar of an unknown god.
   669 | D:1      | Became a worshipper of the Wu Jian Council
   669 | D:1      | Reached * piety under Wu Jian
  1213 | D:2      | Constricted to death by a ball python

Illustrated notes

Levels and vault maps discovered:
D:1:      tarquinn_simple_flora_water_a, layout_basic,
          hellmonk_ecumenical_altar_lost_god, nicolae_hexahallways,
          grunt_decor_arrowhead, amcnicky_mini_pool_small
D:2:      layout_rooms, serial_shops, shop, uniq_sigmund

Skill      XL: |  1 |
---------------+----+-----
Stealth        | 2 |  2.1
Fighting       | |  0.2
Short Blades   | |  0.3
Dodging        | |  1.9
Spellcasting   | |  3.1
Conjurations   | |  1.0
Summonings     | |  1.0
Translocations | |  0.8

Action                     || total
---------------------------++-------
  Melee: Dagger            ||    17
   Cast: Magic Dart        ||    32
Ability: Whirlwind         ||    13
         Lunge             ||     1
 Armour: Robe              ||     6
  Dodge: Dodged            ||    22
